 Dungeon Sprint DCSS version 0.19.3-1-g3169bf9 (webtiles) character file.

58792 Naow the Axe Maniac (level 14, -5/157 HPs)
             Began as a Minotaur Berserker on Jan 25, 2017.
             Was the Champion of Trog.
             Slain by a stone giant (30 damage)
             ... in the Dungeon (Sprint IX: "|||||||||||||||||||||||||||||").
             The game lasted 00:14:59 (4120 turns).

Naow the Axe Maniac (Minotaur Berserker)            Turns: 4120, Time: 00:15:00

Health: -5/157     AC: 31    Str: 27    XL:     14   Next: 50%
Magic:  13/13      EV: 18    Int:  4    God:    Trog [******]
Gold:   1538       SH:  0    Dex: 13    Spells: 0 memorised, 13 levels left

rFire  + . .     SeeInvis .     n - +13 battleaxe "Noegaeri" {chop, rPois rF+}
rCold  . . .     Gourm    .     L - +2 plate armour {MR+}
rNeg   . . .     Faith    .     (shield currently unavailable)
rPois  +         Spirit   .     (helmet restricted)
rElec  .         Reflect  .     I - +0 cloak {rPois}
rCorr  .         Harm     .     o - +0 pair of gloves
MR     ++++.     NoTele   +     F - +1 pair of boots
Stlth  ..........               (no amulet)
                                r - +3 ring of dexterity
                                q - +2 ring of evasion

@: exhausted, regenerating, slowed, very slow
A: retaliatory headbutt, horns 2, yellow scales 1
a: Berserk, Trog's Hand, Brothers in Arms, Burn Spellbooks, Renounce Religion


You were in the Dungeon.
You worshipped Trog.
Trog was exalted by your worship.
You were hungry.

You visited 1 branch You collected 1932 gold pieces.
You spent 394 gold pieces at shops.

Inventory:

Hand Weapons
 b - the +3 broad axe "Ganlost" {chop, *Contam Dex+4}
   (Trog gifted it to you in the Dungeon)

   It inflicts extra damage upon your enemies.
   It affects your dexterity (+4).
   It causes magical contamination when unequipped.
 m - the +11 battleaxe of Hubris {holy, rF+}
   (Trog gifted it to you in the Dungeon)

   It has been blessed by the Shining One to cause great damage to the undead
   and demons.
   It protects you from fire.
 n - the +13 battleaxe "Noegaeri" (weapon) {chop, rPois rF+}
   (Trog gifted it to you in the Dungeon)

   It inflicts extra damage upon your enemies.
   It protects you from fire.
   It protects you from poison.
 t - a +2 battleaxe of flaming
 A - a +3 battleaxe of chopping
 C - a +3 battleaxe of venom
 G - a +7 executioner's axe of chopping
Armour
 o - a +0 pair of gloves (worn)
 F - a +1 pair of boots (worn)
 I - a +0 cloak of poison resistance (worn)
 L - a +2 plate armour of magic resistance (worn)
 M - +1 fire dragon scales
Jewellery
 q - a +2 ring of evasion (left hand)
 r - a +3 ring of dexterity (right hand)
 J - an uncursed ring of protection from fire
 K - an uncursed ring of ice
Wands
 l - a wand of lightning (7/15)
Scrolls
 i - 4 scrolls of blinking
 k - 3 scrolls of remove curse
 w - 2 scrolls of fog
 x - a scroll of identify
 y - 3 scrolls of fear
 z - 3 scrolls of enchant armour
Potions
 d - 7 potions of curing
 e - 4 potions of heal wounds
 f - 2 potions of haste
 g - 4 potions of magic
 h - a potion of berserk rage
 j - a potion of invisibility
 s - 2 potions of might
 v - a potion of cure mutation
Comestibles
 c - 12 bread rations
 D - 38 fruits
 E - 11 meat rations


   Skills:
 + Level 23.2 Fighting
 O Level 27 Axes
 + Level 23.0 Armour
 + Level 14.5 Dodging


You had 13 spell levels left.
You didn't know any spells.

Dungeon Overview and Level Annotations

Branches:
Dungeon (1/1)

Altars:
Cheibriados
Dithmenos
Elyvilon
Fedhas
Gozag
Hepliaklqana
Kikubaaqudgha
Makhleb
Nemelex Xobeh
Okawaru
Qazlal
Ru
Sif Muna
Trog
Uskayaw
Vehumet
Xom
Yredelemnul
Zin
The Shining One
Beogh
Jiyva
Lugonu

Shops:
D [%?[


Innate Abilities, Weirdness & Mutations

You reflexively headbutt those who attack you in melee.
You have a pair of horns on your head.
You are partially covered in yellow scales. (AC +2)


Message History

The vault warden is heavily wounded.
The vault warden hits you with a battleaxe of chopping!
A deep elf archer comes into view. It is wielding a short sword.
The deep elf archer shouts!
You slice the vault warden!! You headbutt the vault warden!
You kill the vault warden!
Trog accepts your kill. Something appears at your feet! Trog grants you a gift!
Your Armour skill increases to level 23!
The stone giant throws a large rock.
The large rock barely misses you. The stone giant hits you!!
* * * LOW HITPOINT WARNING * * *
The stone giant hits you!
* * * LOW HITPOINT WARNING * * *
Items here: ( ))) [[ You open the stone giant like a pillowcase!!!
The stone giant is heavily wounded.
The stone giant hits you!!
You die...

.▓.▓)▓.▓.▓.▓)▓.▓)▓
.▓.▓.▓.▓.▓.▓)▓.▓)▓
.▓.▓)▓.▓.▓.▓.▓.▓(▓
.▓.▓)▓.▓.▓.▓.▓.▓)▓
'▓.▓)▓.▓=▓.▓.▓.▓)▓
.▓.▓)▓.▓'▓.▓.▓.▓.▓
.▓.▓)▓.▓)▓.▓.▓.▓(▓
.▓.▓)▓.▓.▓.▓)▓.▓)▓
.▓.▓)▓.▓÷▓.▓'▓.▓@▓
.▓.▓∩▓.▓)▓.▓)▓.▓C▓
.▓.▓.▓.▓)▓.▓)▓.▓H▓
.▓.▓∩▓.▓)▓.▓÷▓.▓T▓
.▓.▓.▓.▓.▓.▓.▓.▓e▓
(▓.▓∩▓.▓.▓.▓.▓.▓.▓
.▓.▓.▓.▓.▓.▓.▓.▓.▓
.▓.▓∩▓.▓.▓.▓.▓.▓.▓
.▓.▓.▓.▓.▓.▓.▓.▓


You could see a stone giant, a deep troll, a deep elf archer and a hippogriff
shaped shifter.

Vanquished Creatures
  Saint Roka (D)
  Donald (D)
  A thorn hunter (D)
  A deep elf sorcerer (D)
  A vault warden (D)
  3 frost giants (D)
  An ironheart preserver (D)
  A very ugly thing (D)
  3 stone giants (D)
  An ettin (D)
  2 merfolk impalers (D)
  A great orb of eyes (D)
  A rakshasa (D)
  A yaktaur captain (D)
  Erolcha (D)
  3 hydras (D)
  A ghost crab (D)
  An alligator (D)
  A death knight (D)
  An ogre mage (D)
  A vampire mage (D)
  2 deep troll shamans (D)
  A tengu warrior (D)
  Nergalle (D)
  2 deep elf knights (D)
  2 shock serpents (D)
  An unseen horror (shapeshifter) (D)
  A sea snake (D)
  An unseen horror (D)
  A flayed ghost (D)
  A swamp dragon (D)
  2 wizards (D)
  A phantasmal warrior (D)
  A harpy (D)
  3 orc knights (D)
  A wolf spider (D)
  A mana viper (D)
  A necromancer (D)
  A cyclops (D)
  3 ugly things (D)
  3 orb spiders (D)
  8 orc sorcerers (D)
  3 black mambas (D)
  Maurice (D)
  2 manticores (D)
  A guardian serpent (D)
  4 spiny frogs (D)
  A demonic crawler (D)
  An efreet (D)
  A yaktaur (shapeshifter) (D)
  3 komodo dragons (D)
  A tengu conjurer (D)
  3 yaktaurs (D)
  A merfolk (D)
  5 polar bears (D)
  A wind drake (D)
  4 hippogriffs (D)
  A hornet (D)
  3 redbacks (D)
  A tarantella (D)
  A water elemental (D)
  2 wyverns (D)
  A vampire mosquito (D)
  4 water moccasins (D)
  3 porcupines (D)
  A sky beast (D)
  3 black bears (D)
  12 orc warriors (D)
  An ice beast (D)
  A necrophage (D)
  2 boggarts (D)
  An ogre (D)
  A wolf (D)
  A centaur (D)
  3 crocodiles (D)
  A bullfrog (D)
  A howler monkey (D)
  A crimson imp (D)
  10 orc wizards (D)
  6 orc priests (D)
  A hound (D)
  An adder simulacrum (D)
  A leopard gecko (D)
  6 orcs (D)
  2 goblins (D)
  2 hobgoblins (D)
  A frilled lizard (D)
  A jackal simulacrum (D)
  A leopard gecko skeleton (D)
  A quokka zombie (D)
  2 briar patches (D)
178 creatures vanquished.

Vanquished Creatures (collateral kills)
  A naga ritualist (D)
  2 orc sorcerers (D)
  2 naga magi (D)
5 creatures vanquished.

Vanquished Creatures (others)
  A briar patch (D)
1 creature vanquished.

Grand Total: 184 creatures vanquished

Notes
Turn   | Place    | Note
-------+----------+-------------------------------------------
     0 | D        | Naow the Minotaur Berserker began the quest for the Orb.
     0 | D        | Reached XP level 1. HP: 19/19 MP: 0/0
     5 | D        | Reached skill level 4 in Axes
     8 | D        | Reached skill level 5 in Axes
    10 | D        | Reached ** piety under Trog
    21 | D        | Noticed a centaur
    21 | D        | Noticed a hound
    21 | D        | Noticed a sky beast
    23 | D        | Killed a centaur
    23 | D        | Reached *** piety under Trog
    23 | D        | Reached skill level 10 in Axes
    23 | D        | Reached XP level 2. HP: 26/26 MP: 1/1
    23 | D        | Reached XP level 3. HP: 31/31 MP: 2/2
    23 | D        | Reached XP level 4. HP: 39/39 MP: 3/3
    31 | D        | Reached skill level 11 in Axes
    40 | D        | Killed a sky beast
    40 | D        | Reached **** piety under Trog
    40 | D        | Reached skill level 13 in Axes
    40 | D        | Reached XP level 5. HP: 24/45 MP: 4/4
   230 | D        | Found a roughly hewn altar of Beogh.
   230 | D        | Found a snail-covered altar of Cheibriados.
   230 | D        | Found a shadowy altar of Dithmenos.
   230 | D        | Found a white marble altar of Elyvilon.
   230 | D        | Found a blossoming altar of Fedhas.
   230 | D        | Found an opulent altar of Gozag.
   231 | D        | Found a hazy altar of Hepliaklqana.
   232 | D        | Found a viscous altar of Jiyva.
   233 | D        | Found an ancient bone altar of Kikubaaqudgha.
   234 | D        | Found a corrupted altar of Lugonu.
   235 | D        | Found a burning altar of Makhleb.
   236 | D        | Found a sparkling altar of Nemelex Xobeh.
   237 | D        | Found an iron altar of Okawaru.
   238 | D        | Found a stormy altar of Qazlal.
   239 | D        | Found a sacrificial altar of Ru.
   240 | D        | Found a deep blue altar of Sif Muna.
   241 | D        | Found a bloodstained altar of Trog.
   242 | D        | Found a hide-covered altar of Uskayaw.
   243 | D        | Found a radiant altar of Vehumet.
   244 | D        | Found a shimmering altar of Xom.
   245 | D        | Found a basalt altar of Yredelemnul.
   246 | D        | Found a glowing silver altar of Zin.
   247 | D        | Found a glowing golden altar of the Shining One.
   299 | D        | Noticed an ogre
   299 | D        | Noticed an orc warrior
   299 | D        | Noticed a wyvern
   302 | D        | Killed an ogre
   302 | D        | Reached skill level 14 in Axes
   302 | D        | Reached XP level 6. HP: 51/51 MP: 5/5
   304 | D        | Reached skill level 15 in Axes
   309 | D        | Killed an orc warrior
   309 | D        | Reached skill level 16 in Axes
   316 | D        | Reached ***** piety under Trog
   319 | D        | Killed a wyvern
   319 | D        | Reached skill level 17 in Axes
   319 | D        | Reached XP level 7. HP: 42/57 MP: 6/6
   388 | D        | Noticed a hornet
   388 | D        | Noticed a wyvern
   388 | D        | Noticed a six-headed hydra
   394 | D        | Killed a hornet
   394 | D        | Reached skill level 18 in Axes
   395 | D        | Killed a wyvern
   395 | D        | Received a gift from Trog
   397 | D        | Killed an unseen horror
   397 | D        | Reached skill level 20 in Axes
   397 | D        | Reached XP level 8. HP: 64/64 MP: 7/7
   403 | D        | Killed a ten-headed hydra
   403 | D        | Reached skill level 21 in Axes
   403 | D        | Reached XP level 9. HP: 36/70 MP: 8/8
   409 | D        | Received a gift from Trog
   409 | D        | Reached skill level 22 in Axes
   718 | D        | Noticed a komodo dragon
   718 | D        | Noticed a seven-headed hydra
   718 | D        | Noticed a komodo dragon
   725 | D        | Killed a komodo dragon
   732 | D        | Killed a five-headed hydra
   732 | D        | Reached skill level 23 in Axes
   737 | D        | HP: 5/105 [komodo dragon (20)]
   738 | D        | Killed a komodo dragon
   738 | D        | Reached skill level 24 in Axes
   739 | D        | Received a gift from Trog
   748 | D        | Reached XP level 10. HP: 31/77 MP: 9/9
   833 | D        | Noticed a black mamba
   835 | D        | Reached skill level 5 in Fighting
   837 | D        | Reached skill level 5 in Armour
   840 | D        | Reached ****** piety under Trog
   840 | D        | Received a gift from Trog
   843 | D        | Killed a black mamba
  1004 | D        | Reached skill level 25 in Axes
  1008 | D        | Received a gift from Trog
  1165 | D        | Received a gift from Trog
  1801 | D        | Noticed an orc knight
  1803 | D        | Noticed an orc sorcerer
  1803 | D        | Received a gift from Trog
  1805 | D        | Noticed an orc sorcerer
  1809 | D        | Killed an orc knight
  1813 | D        | Noticed an orc knight
  1816 | D        | Reached skill level 10 in Fighting
  1816 | D        | Reached XP level 11. HP: 99/99 MP: 10/10
  1824 | D        | Killed an orc sorcerer
  1824 | D        | Reached skill level 10 in Armour
  1825 | D        | Killed an orc sorcerer
  1825 | D        | Received a gift from Trog
  1831 | D        | Killed an orc knight
  2007 | D        | Found Numesch's Antique Armour Emporium.
  2007 | D        | Noticed an orc sorcerer
  2007 | D        | Noticed an orc sorcerer
  2007 | D        | Noticed an orc sorcerer
  2009 | D        | Noticed an orc sorcerer
  2011 | D        | Killed an orc sorcerer
  2011 | D        | Received a gift from Trog
  2019 | D        | Killed an orc sorcerer
  2020 | D        | Found Teith's Food Shoppe.
  2023 | D        | Noticed a sixfirhy
  2027 | D        | Killed an orc sorcerer
  2028 | D        | Found Apeptodgh's Magic Scroll Emporium.
  2029 | D        | Killed an orc sorcerer
  2029 | D        | Received a gift from Trog
  2032 | D        | Found Petuhiff's Antique Armour Shoppe.
  2035 | D        | Noticed an orc sorcerer
  2036 | D        | Noticed a sun demon
  2042 | D        | Noticed an orc sorcerer
  2048 | D        | Noticed a sun demon
  2050 | D        | Killed an orc sorcerer
  2053 | D        | Noticed an orc sorcerer
  2055 | D        | Killed an orc sorcerer
  2055 | D        | Received a gift from Trog
  2055 | D        | Reached skill level 26 in Axes
  2060 | D        | Killed an orc sorcerer
  2090 | D        | Noticed an orc sorcerer
  2092 | D        | Gained mutation: You are partially covered in yellow scales. (AC +2) [a neqoxec]
  2095 | D        | Killed an orc sorcerer
  2240 | D        | Bought a glowing cloak for 304 gold pieces
  2248 | D        | Bought a scroll of blinking for 90 gold pieces
  2465 | D        | Noticed an orc knight
  2465 | D        | Received a gift from Trog
  2467 | D        | Noticed a wizard
  2471 | D        | Noticed a deep troll shaman
  2473 | D        | Noticed a cyan ugly thing
  2478 | D        | Killed an orc knight
  2480 | D        | Noticed a vampire mage
  2482 | D        | Noticed a necromancer
  2482 | D        | Killed a wizard
  2484 | D        | Noticed a flayed ghost
  2484 | D        | Killed a deep troll shaman
  2484 | D        | Received a gift from Trog
  2489 | D        | Killed a cyan ugly thing
  2493 | D        | Noticed a flayed ghost
  2503 | D        | Noticed an ettin
  2504 | D        | Killed a vampire mage
  2504 | D        | Reached XP level 12. HP: 81/118 MP: 11/11
  2514 | D        | Received a gift from Trog
  2518 | D        | Killed an ettin
  2532 | D        | Got a scorched broad axe {god gift}
  2754 | D        | Noticed Erolcha
  2759 | D        | Killed Erolcha
  2759 | D        | Reached skill level 15 in Fighting
  2787 | D        | Noticed Saint Roka
  2797 | D        | Received a gift from Trog
  2802 | D        | Killed Saint Roka
  2802 | D        | Reached skill level 27 in Axes
  2978 | D        | Received a gift from Trog
  3019 | D        | Identified the +3 broad axe "Ganlost" {chop, *Contam Dex+4} (Trog gifted it to you in the Dungeon)
  3105 | D        | Noticed an alligator
  3105 | D        | Noticed a five-headed hydra
  3105 | D        | Noticed a thorn hunter
  3107 | D        | Killed an alligator
  3110 | D        | Killed a six-headed hydra
  3113 | D        | Noticed a ghost crab
  3119 | D        | Killed a thorn hunter
  3119 | D        | Received a gift from Trog
  3119 | D        | Reached XP level 13. HP: 136/136 MP: 12/12
  3214 | D        | Noticed a merfolk impaler
  3214 | D        | Noticed a merfolk impaler
  3219 | D        | Killed a merfolk impaler
  3224 | D        | Killed a merfolk impaler
  3224 | D        | Received a gift from Trog
  3239 | D        | Reached skill level 5 in Dodging
  3261 | D        | Got a smoking battleaxe {god gift}
  3275 | D        | Received a gift from Trog
  3295 | D        | Received a gift from Trog
  3605 | D        | Noticed Maurice
  3618 | D        | Killed Maurice
  3655 | D        | Noticed Donald
  3661 | D        | Killed Donald
  3665 | D        | Noticed Nergalle
  3671 | D        | Killed Nergalle
  3702 | D        | Noticed a frost giant
  3702 | D        | Noticed a stone giant
  3702 | D        | Noticed a white very ugly thing
  3702 | D        | Noticed a frost giant
  3702 | D        | Noticed a deep elf sorcerer
  3708 | D        | Killed a frost giant
  3708 | D        | Received a gift from Trog
  3712 | D        | Killed a stone giant
  3714 | D        | Killed a white very ugly thing
  3714 | D        | Reached skill level 10 in Dodging
  3720 | D        | Killed a frost giant
  3723 | D        | Killed a deep elf sorcerer
  3723 | D        | Received a gift from Trog
  3739 | D        | Reached XP level 14. HP: 57/151 MP: 13/13
  3750 | D        | Received a gift from Trog
  3754 | D        | Got a twisted battleaxe {god gift}
  3929 | D        | Noticed a stone giant
  3931 | D        | Noticed a stone giant
  3940 | D        | Killed a stone giant
  3947 | D        | Killed a stone giant
  3947 | D        | Received a gift from Trog
  4063 | D        | Identified the +11 battleaxe of Hubris {holy, rF+} (Trog gifted it to you in the Dungeon)
  4064 | D        | Identified the +13 battleaxe "Noegaeri" {chop, rPois rF+} (Trog gifted it to you in the Dungeon)
  4072 | D        | Noticed an ironheart preserver
  4091 | D        | Killed an ironheart preserver
  4091 | D        | Received a gift from Trog
  4092 | D        | Noticed a frost giant
  4098 | D        | Noticed a vault warden
  4099 | D        | Noticed a stone giant
  4104 | D        | Received a gift from Trog
  4111 | D        | Received a gift from Trog
  4111 | D        | Killed a frost giant
  4118 | D        | Killed a vault warden
  4118 | D        | Received a gift from Trog
  4120 | D        | Slain by a stone giant

Skill      XL: |  1  2  3  4  5  6  7  8  9 10 11 12 13 14 |
---------------+-------------------------------------------+-----
Axes           | 10 13 14 17 20 21 24 25 26 27 | 27.0
Fighting       | 10 14 18 21 23 | 23.2
Armour         | 9 14 18 21 23 | 23.0
Dodging        | 11 14 | 14.5

Action                   |  1- 3 |  4- 6 |  7- 9 | 10-12 | 13-15 || total
-------------------------+-------+-------+-------+-------+-------++-------
Melee: Hand axe          |    11 |    14 |       |       |       ||    25
       Headbutt          |     3 |     4 |     6 |    38 |    37 ||    88
       Broad axe         |       |    15 |    17 |       |       ||    32
       Battleaxe         |       |       |    24 |    52 |    37 ||   113
       Executioner's axe |       |       |       |   153 |   130 ||   283
Invok: Berserk           |     1 |     1 |     2 |     9 |     5 ||    18
       Trog's Hand       |       |       |     1 |     5 |     5 ||    11
       Brothers in Arms  |       |       |       |     1 |     1 ||     2
  Use: Potion            |       |       |     1 |     2 |     1 ||     4
       Scroll            |       |       |       |     4 |       ||     4
  Eat: Chunk             |       |       |     2 |    13 |     5 ||    20
       Bread ration      |       |       |       |     1 |       ||     1
       Fruit             |       |       |       |     1 |     1 ||     2
       Meat ration       |       |       |       |       |     1 ||     1
Armor: Animal skin       |     1 |     2 |       |       |       ||     3
       Chain mail        |       |     3 |    12 |    24 |       ||    39
       Plate armour      |       |       |       |    67 |    84 ||   151
Dodge: Dodged            |     3 |    11 |    16 |    67 |    76 ||   173
